 Dungeon Crawl Stone Soup version 0.32-a0-132-g2d33c3cfaf (webtiles) character file.

Game seed: 7687384816134753363

694 pokeman the Thaumaturge (level 7, -6/40 HPs)
             Began as a Deep Elf Hedge Wizard on Feb 9, 2024.
             Mangled by an ice beast (12 damage)
             ... on level 4 of the Dungeon.
             The game lasted 00:07:14 (4009 turns).

pokeman the Thaumaturge (Deep Elf Hedge Wizard)     Turns: 4009, Time: 00:07:14

Health: -6/40      AC:  3    Str:  7    XL:     7   Next: 37%
Magic:  18/20      EV: 13    Int: 27    God:
Gold:   289        SH:  0    Dex: 14    Spells: 10/22 levels left

rFire   . . .        p - +0 whip (venom)
rCold   . . .        (no shield)
rNeg    . . .        b - +0 robe
rPois   .            c - +0 hat
rElec   .            q - +0 cloak
rCorr   .            (no gloves)
SInv    .            (no boots)
Will    .....        s - amulet of magic regeneration
Stlth   ++           a - +6 ring of intelligence
HPRegen 0.26/turn    (no ring)
MPRegen 0.57/turn

%: no passive effects
@: no status effects
A: no striking features
a: no special abilities


You were on level 4 of the Dungeon.
You visited 1 branch of the dungeon, and saw 5 of its levels.

You collected 289 gold pieces.

Inventory:

Hand Weapons
 p - a +0 whip of venom (weapon)
Armour
 b - a +0 robe (worn)
 c - a +0 hat (worn)
 q - a +0 cloak (worn)
Jewellery
 a - a +6 ring of intelligence (left hand)
 s - an amulet of magic regeneration (around neck)
Scrolls
 e - 2 scrolls of summoning {unknown}
 g - a scroll of vulnerability {unknown}
 h - 3 scrolls of identify {unknown}
 i - a scroll of noise {unknown}
 j - a scroll of fear {unknown}
 k - 3 scrolls of teleportation {unknown}
 l - a scroll of fog {unknown}
 r - 3 scrolls of immolation {unknown}
Potions
 d - a potion of magic
 f - a potion of haste {unknown}
 m - a potion of resistance {unknown}
 n - 2 potions of heal wounds {unknown}
 o - a potion of mutation {unknown}
 t - a potion of curing {unknown}


   Skills:
 - Level 2.0 Fighting
 + Level 1.1 Armour
 - Level 3.0 Dodging
 - Level 3.1 Stealth
 * Level 8.0 Spellcasting
 + Level 3.9 Conjurations
 - Level 1.1 Summonings
 - Level 1.1 Translocations
 + Level 1.9 Fire Magic
 - Level 1.0 Air Magic
 - Level 2.0 Alchemy


You had 10 spell levels left.
You knew the following spells:

 Your Spells              Type           Power      Damage    Failure   Level
a - Magic Dart            Conj           100%       1d8       1%          1
b - Mephitic Cloud        Conj/Alch/Air  23%        N/A       6%          3
c - Call Imp              Summ           32%        N/A       4%          2
d - Blink                 Tloc           32%        N/A       4%          2
e - Flame Wave            Conj/Fire      26%        2d8       16%         4

Your spell library contained the following spells:

 Spells                   Type           Power      Damage    Failure   Level
 Scorch                   Fire           42%        2d6       3%          2
 Slow                     Hex            40%        N/A       5%          1
 Cigotuvi's Dreadful Rot  Necr/Alch/Air  32%        N/A       5%          2
 Ensorcelled Hibernation  Hex/Ice        20%        N/A       8%          2
 Volatile Blastmotes      Fire/Tloc      38%        2d13      9%          3
 Swiftness                Air            16%        N/A       11%         3
 Passwall                 Erth           10%        N/A       16%         3
 Fulminant Prism          Conj/Alch      13%        3d8       16%         4
 Iskenderun's Mystic Bla  Conj/Tloc      24%        2d7       19%         4
 Summon Cactus Giant      Summ           8%         N/A       99%         6


Dungeon Overview and Level Annotations

Branches:
Dungeon (5/15)
 Temple: D:4-7

Altars:
Okawaru
Qazlal


Message History

The orc priest is engulfed in noxious fumes.
The orc priest appears confused.
The gnoll is engulfed in noxious fumes.
The gnoll appears confused.
The ice beast hits you. The ice beast freezes you.
You climb upwards.
Reactivating autopickup.
There is a stone staircase leading down here.
Unknown command.
Unknown command.
Casting: Mephitic Cloud (dangerous; 6% risk of failure)
Confirm with . or Enter, or press ? or * to list all spells.
You blink.
Casting: Blink (safe; 4% risk of failure)
Confirm with . or Enter, or press ? or * to list all spells.
A tiny devil pulls itself out of the air.
Your cerulean imp hits the ice beast from afar with a -3 spear.
Your cerulean imp barely misses the ice beast.
The ice beast hits you. The ice beast freezes you!
Casting: Call Imp (safe; 4% risk of failure)
Confirm with . or Enter, or press ? or * to list all spells.
Aiming: Magic Dart (safe; 1% risk of failure)
Press: ? - help, Shift-Dir - straight line, f - ice beast
Aim: an ice beast (ally target, 100% to hit)
The magic dart hits the ice beast!
The ice beast is moderately wounded.
You feel ready to blink again.
Your cerulean imp hits the ice beast but does no damage.
The ice beast hits you. The ice beast freezes you!
* * * LOW HITPOINT WARNING * * *
Casting: Magic Dart (safe; 1% risk of failure)
Confirm with . or Enter, or press ? or * to list all spells.
Aiming: Magic Dart (safe; 1% risk of failure)
Press: ? - help, Shift-Dir - straight line, f/p - ice beast
Aim: an ice beast (moderately wounded, ally target, 100% to hit)
The magic dart hits the ice beast but does no damage.
The ice beast is moderately wounded.
Your cerulean imp hits the ice beast from afar with a -3 spear.
The ice beast hits you.
* * * LOW HITPOINT WARNING * * *
The ice beast freezes you!
You die...

...................##.##.......##
.........#.....................#
.........#...##....##.##.......##
..#................##....[.......
..........#.......###..........##
#..#...#..#.#.....# #.....######
..................# #.....#
.....#.#..#.#.....###.....#
##.#.###..#.#...@.........##
##.#.# #..#.#...Y..........#
...#.# #...>......###......#
##.#.###........5.# #....).#
##.#......#.#..#### #.....#######
##.#........#..# #............
##.#####..#.#..# #............
##.# #..#.#..# #####........ ##.#
#.......# #########


You could see an ice beast (ally target) and a friendly cerulean imp (summoned).

Vanquished Creatures
  A sky beast (D:4)
  An ogre (D:5)
  A phantom (D:4)
  A scorpion (D:5)
  A hound (D:5)
  A bombardier beetle (D:4)
  An orc priest (D:5)
  Natasha (thrice) (D:3)
  2 orc wizards (D:4)
  3 adders
  2 ribbon worms
  3 dart slugs
  12 orcs
  9 endoplasms
  5 giant cockroaches
  5 goblins
  12 hobgoblins
  6 jackals
  3 kobolds
  2 quokkas (D:1)
  10 ball pythons
  3 bats (D:1)
  2 frilled lizards
  5 rats
94 creatures vanquished.

Vanquished Creatures (collateral kills)
  An iguana (D:4)
  An adder (D:4)
2 creatures vanquished.

Grand Total: 96 creatures vanquished

Notes
Turn   | Place    | Note
-------+----------+-------------------------------------------
     0 | D:1      | pokeman the Deep Elf Hedge Wizard began the quest for the
                  | Orb.
     0 | D:1      | Reached XP level 1. HP: 10/10 MP: 7/7
   213 | D:1      | Reached XP level 2. HP: 15/15 MP: 3/9
   779 | D:1      | Reached skill level 5 in Spellcasting
  1100 | D:2      | Reached XP level 3. HP: 20/20 MP: 8/11
  1135 | D:2      | Learned a level 3 spell: Mephitic Cloud
  1138 | D:2      | Learned a level 2 spell: Call Imp
  1141 | D:2      | Learned a level 2 spell: Blink
  1574 | D:2      | Reached skill level 1 in Armour
  1582 | D:2      | Reached skill level 1 in Fighting
  1861 | D:2      | Reached XP level 4. HP: 25/25 MP: 5/13
  2068 | D:3      | Found an iron altar of Okawaru.
  2165 | D:3      | Learned a level 4 spell: Flame Wave
  2277 | D:3      | Noticed Natasha
  2284 | D:3      | Killed Natasha
  2374 | D:3      | Found a faded altar of an unknown god.
  2435 | D:3      | Noticed Natasha
  2443 | D:3      | Killed Natasha
  2444 | D:3      | Reached skill level 6 in Spellcasting
  2666 | D:3      | Noticed Natasha
  2676 | D:3      | Killed Natasha
  2677 | D:3      | Reached XP level 5. HP: 29/29 MP: 12/15
  3022 | D:4      | Reached skill level 1 in Air Magic
  3031 | D:4      | Reached skill level 1 in Fire Magic
  3031 | D:4      | Reached skill level 1 in Alchemy
  3123 | D:4      | Reached XP level 6. HP: 34/34 MP: 12/17
  3461 | D:4      | Noticed a sky beast
  3477 | D:4      | Killed a sky beast
  3478 | D:4      | Reached skill level 7 in Spellcasting
  3731 | D:4      | Found a stormy altar of Qazlal.
  3859 | D:5      | Entered Level 5 of the Dungeon
  3874 | D:5      | Reached XP level 7. HP: 33/39 MP: 16/20
  4000 | D:5      | Reached skill level 8 in Spellcasting
  4009 | D:4      | Mangled by an ice beast

Illustrated notes

Levels and vault maps discovered:
D:1:      minmay_arrival_semitransparent, layout_basic
D:2:      minmay_skewed_foursquare, layout_basic
D:3:      layout_rooms, mainiacjoe_overflow_six_doors_small,
          dreamdust_ecumenical_altar_statues, kennysheep_nub, uniq_natasha
D:4:      layout_basic, amcnicky_altar_gilded
D:5:      layout_rooms, amethyst_killhole, hangedman_abyss_or_decor_stagger,
          lightli_minifort

Skill      XL: |  1  2  3  4  5  6  7 |
---------------+----------------------+-----
Spellcasting   | 5 6 7 8 |  8.0
Armour         | 1 |  1.1
Fighting       | 1 2 |  2.0
Conjurations   | 2 3 |  3.9
Stealth        | 3 |  3.1
Dodging        | 3 |  3.0
Air Magic      | 1 |  1.0
Fire Magic     | 1 |  1.9
Alchemy        | 1 2 |  2.0
Summonings     | |  1.1
Translocations | |  1.1

Action                     |  1- 3 |  4- 6 |  7- 9 || total
---------------------------+-------+-------+-------++-------
  Melee: Dagger            |    20 |       |       ||    20
         Whip              |       |    43 |    18 ||    61
         Punch             |       |     1 |     3 ||     4
   Cast: Magic Dart        |   105 |    74 |    20 ||   199
         Mephitic Cloud    |     1 |    10 |     2 ||    13
         Call Imp          |       |     1 |     1 ||     2
         Blink             |       |       |     1 ||     1
   Stab: Confused          |     1 |     2 |     2 ||     5
 Armour: Robe              |    18 |    24 |    16 ||    58
  Dodge: Dodged            |    13 |    29 |    18 ||    60

Table legend: (Time is in decaauts)
 A = Elapsed time spent in this place.
 B = Non-inter-level travel time spent in this place.
 C = Inter-level travel time spent in this place.
 D = Time resting spent in this place.
 E = Time spent auto-exploring this place.
 F = Levels seen in this place.
 G = Mean time per level.
                   A        B        C        D        E       F      G
               +--------+--------+--------+--------+--------+-----+--------+
         Total |   4013 |   3896 |    117 |     51 |   3259 |   5 |  802.6 |
       Dungeon |   4013 |   3896 |    117 |     51 |   3259 |   5 |  802.6 |
               +--------+--------+--------+--------+--------+-----+--------+

Top non-repeatable levels by time:
     D:4: 1255 daAuts
     D:1: 1048 daAuts
     D:2: 978 daAuts
     D:3: 675 daAuts
     D:5: 55 daAuts
